 Dungeon Crawl Stone Soup version 0.19.1-1-g22dce08 (webtiles) character file.

419 Gargoyl the Covered (level 6, -10/52 HPs)
             Began as a Ghoul Abyssal Knight on Jan 4, 2017.
             Was a Priest of Lugonu.
             Killed by divine providence
             ... invoked by an orc priest
              (14 damage)
             ... on level 5 of the Dungeon.
             The game lasted 00:11:24 (4027 turns).

Gargoyl the Covered (Ghoul Abyssal Knight)          Turns: 4027, Time: 00:11:25

Health: -10/52     AC: 10    Str: 14 (16) XL:     6   Next: 93%
Magic:  7/7        EV:  6    Int:  7      God:    Lugonu [***...]
Gold:   189        SH:  0    Dex:  7 (10) Spells: 0 memorised, 5 levels left

rFire  + . .     SeeInvis .     o - +0 war axe
rCold  + . .     Gourm    .     d - +0 chain mail
rNeg   + + +     Faith    .     (no shield)
rPois  ∞         Spirit   .     (no helmet)
rElec  .         Reflect  .     e - +0 cloak
rCorr  .         Harm     .     (no gloves)
MR     .....                    (no boots)
Stlth  ..........               (no amulet)
                                (no ring)
                                u - ring of protection from fire

@: rotting
A: rotting body, claws 1, carnivore 3, cold resistance 1, negative energy
resistance 3, slow regeneration 1, torment resistance, unbreathing
a: Depart the Abyss, Bend Space, Banish, Renounce Religion


You were on level 5 of the Dungeon.
You worshipped Lugonu.
Lugonu was most pleased with you.
You were not hungry.

You visited 1 branch of the dungeon, and saw 5 of its levels.
You visited the Abyss 1 time.

You collected 189 gold pieces.

Inventory:

Hand Weapons
 a - a +1 hand axe
 o - a +0 war axe (weapon)
Missiles
 f - 7 javelins of returning (quivered)
 l - 2 tomahawks of returning
Armour
 d - a +0 chain mail (worn)
 e - a +0 cloak (worn)
Jewellery
 u - a ring of protection from fire (left claw)
Scrolls
 b - a scroll of enchant weapon {unknown}
 g - a scroll of magic mapping
 h - 4 scrolls of identify
 k - a scroll of recharging {unknown}
 m - a scroll of amnesia
 n - a scroll of blinking {unknown}
 r - a scroll of immolation {unknown}
 t - 2 scrolls of noise {unknown}
Comestibles
 c - a meat ration
 j - a royal jelly


   Skills:
 + Level 3.8 Fighting
 + Level 3.6 Axes
 * Level 4.1 Armour
 + Level 1.7 Dodging
 * Level 3.9 Invocations


You had 5 spell levels left.
You didn't know any spells.

Dungeon Overview and Level Annotations

Branches:
Dungeon (5/15)
 Temple: D:4-7

Altars:
Cheibriados
Nemelex Xobeh
Ru


Innate Abilities, Weirdness & Mutations

Your body is rotting away.
You thrive on raw meat.
You are immune to poison.
You have sharp fingernails.
You are carnivorous and can eat meat at any time.
Your flesh is cold resistant. (rC+)
You are immune to negative energy. (rN+++)
You regenerate slowly when monsters are visible.
You are immune to unholy pain and torment.
You can survive without breathing.


Message History

The orc priest is almost dead.
You hit the orc.
You kill the orc!
Lugonu accepts your kill.
The orc priest hits you but does no damage.
Unknown command.
You closely miss the orc priest.
The orc priest is almost dead.
You completely miss the orc priest.
The orc priest hits you but does no damage.
The orc priest miscasts a cantrip.
Unknown command.
You slash the orc priest!
You kill the orc priest!
Lugonu accepts your kill.
You hit the orc priest. The orc priest hits you with a club.
* * * LOW HITPOINT WARNING * * *
The orc priest invokes the aid of Beogh against you.
Beogh smites you!
You die...

###....# .#.....# ...
.##....# #.# .###.#.#
###.# .......# #.(..
####.### #.#.# ##+##
#.#.# ##...## #.#o#
##.....## #.)@#
#.......## ##.####.#
....>....####.......#
.........'..[.........
.........####...######
#.......## ##.##
##.....## #.# ##...##
#.# ##+## #..


You could see an orc priest.

Vanquished Creatures
  A scorpion (D:5)
  2 orc priests
  Crazy Yiuf (D:2)
  Jessica (D:2)
  Ijyb (D:2)
  7 adders
  3 gnolls
  A river rat (D:3)
  A shadow imp (D:5)
  A worm (D:2)
  3 dart slugs
  5 leopard geckos
  8 orcs
  14 bats
  3 giant cockroaches (D:3)
  5 goblins
  4 hobgoblins
  21 jackals
  A quokka (D:3)
  2 ball pythons (D:3)
  3 frilled lizards (D:1)
  6 kobolds
  11 rats
105 creatures vanquished.

Notes
Turn   | Place    | Note
-------+----------+-------------------------------------------
     0 | Abyss:1  | Gargoyl the Ghoul Abyssal Knight began the quest for the Orb.
     0 | Abyss:1  | Reached XP level 1. HP: 19/19 MP: 1/1
    66 | Abyss:2  | Noticed a wretched star
    67 | D:1      | Escaped the Abyss
   503 | D:1      | Reached skill level 2 in Armour
   553 | D:1      | Reached * piety under Lugonu
   553 | D:1      | Reached XP level 2. HP: 24/26 MP: 2/2
   831 | D:1      | Reached skill level 1 in Dodging
   915 | D:1      | Reached XP level 3. HP: 31/31 MP: 3/3
  1186 | D:1      | HP: 1/31 [gnoll (1)]
  1204 | D:1      | Reached XP level 4. HP: 28/38 MP: 5/5
  1254 | D:2      | Noticed Jessica
  1283 | D:2      | Killed Jessica
  1313 | D:2      | Reached skill level 3 in Armour
  1322 | D:2      | Reached XP level 5. HP: 39/45 MP: 6/6
  1323 | D:2      | Reached ** piety under Lugonu
  1432 | D:2      | Noticed Ijyb
  1506 | D:2      | Killed Ijyb
  1552 | D:2      | Found a sacrificial altar of Ru.
  1679 | D:2      | Found a runed door.
  1859 | D:2      | Noticed Crazy Yiuf
  1871 | D:2      | Killed Crazy Yiuf
  2000 | D:3      | Found a sparkling altar of Nemelex Xobeh.
  2285 | D:3      | Reached XP level 6. HP: 49/52 MP: 7/7
  3001 | D:3      | Found a snail-covered altar of Cheibriados.
  3320 | D:3      | Reached *** piety under Lugonu
  3401 | D:4      | Noticed a phantom
  3434 | D:4      | Reached skill level 4 in Armour
  3538 | D:5      | Entered Level 5 of the Dungeon
  4027 | D:5      | Killed from afar by an orc priest

Skill      XL: |  1  2  3  4  5  6 |
---------------+-------------------+-----
Armour         | 2 3 4 |  4.1
Axes           | 2 3 |  3.6
Dodging        | 1 |  1.7
Invocations    | 3 |  3.9
Fighting       | |  3.8

Action                   |  1- 3 |  4- 6 || total
-------------------------+-------+-------++-------
Melee: Hand axe          |   128 |   255 ||   383
       War axe           |       |   202 ||   202
Invok: Depart the Abyss  |     1 |       ||     1
  Use: Potion            |     3 |     5 ||     8
       Scroll            |       |     8 ||     8
  Eat: Chunk             |    10 |    47 ||    57
Armor: Chain mail        |   145 |   422 ||   567
Dodge: Dodged            |    74 |   225 ||   299
